 Dungeon Crawl Stone Soup version 0.25-a0-458-g6fc7858b95 (webtiles) character file.

Game seed: 16300907225367109838, levelgen mode: deterministic

205 BeastOfSaturn the Sneak (level 5, -1/39 HPs)
             Began as a Demonspawn Assassin on Feb 2, 2020.
             Slain by an orc
             ... wielding a +0 hand axe
              (3 damage)
             ... on level 3 of the Dungeon.
             The game lasted 00:12:00 (4035 turns).

BeastOfSaturn the Sneak (Demonspawn Assassin)       Turns: 4035, Time: 00:12:01

Health: -1/39      AC:  3    Str: 11    XL:     5   Next: 53%
Magic:  5/5        EV: 12    Int: 13    God:
Gold:   149        SH:  0    Dex: 15    Spells: 4/4 levels left

rFire    . . .     SeeInvis .   a - +2 dagger
rCold    . . .     Gourm    .   (no shield)
rNeg     . . .     Faith    .   b - +0 robe
rPois    .         Spirit   .   (no helmet)
rElec    .         Reflect  .   c - +0 cloak
rCorr    .         Harm     .   (no gloves)
MR       .....                  (no boots)
Stlth    +++.......             (no amulet)
HPRegen  0.13/turn              (no ring)
MPRegen  0.09/turn              (no ring)

@: no status effects
A: rot immunity
a: no special abilities


You were on level 3 of the Dungeon.
You were not hungry.

You visited 1 branch of the dungeon, and saw 3 of its levels.

You collected 149 gold pieces.

Inventory:

Hand Weapons
 a - a +2 dagger (weapon)
Missiles
 d - 2 curare-tipped darts
 t - 2 boomerangs
 u - 2 poisoned darts (quivered)
Armour
 b - a +0 robe (worn)
 c - a +0 cloak (worn)
Scrolls
 e - a scroll of remove curse {unknown}
 h - 2 scrolls of blinking {unknown}
 i - 5 scrolls of identify {unknown}
 n - 5 scrolls of magic mapping {unknown}
 o - 2 scrolls of enchant weapon {unknown}
 q - a scroll of fear {unknown}
 r - a scroll of teleportation {unknown}
 s - a scroll of random uselessness {unknown}
Potions
 g - 2 potions of curing {unknown}
 j - a potion of degeneration {unknown}
 k - a potion of lignification {unknown}
 l - 2 potions of mutation {unknown}
 m - 2 potions of might {unknown}
 p - a potion of ambrosia {unknown}
Comestibles
 f - a ration


   Skills:
 + Level 2.3 Fighting
 + Level 2.5 Short Blades
 + Level 2.6 Throwing
 * Level 2.0 Dodging
 * Level 5.2 Stealth


You had 4 spell levels left.
You didn't know any spells.
Your spell library was empty.

Dungeon Overview and Level Annotations

Branches:
Dungeon (3/15)

Altars:


Innate Abilities, Weirdness & Mutations

You are immune to rotting.


Message History

Beogh smites you!
* * * LOW HITPOINT WARNING * * *
You kill the orc!
An orc wizard comes into view. It is wielding a +0 dagger.
The orc wizard moves out of view.
An orc comes into view.
It is wielding a +0 hand axe and quivering 5 silver boomerangs.
You see here a +0 hand axe.
You miss the orc wizard.
The orc shouts!
The orc wizard casts a spell.
The orc wizard flickers and vanishes!
Deactivating autopickup; reactivate with Ctrl-A.
The orc barely misses you. Something hits you.
* * * LOW HITPOINT WARNING * * *
An orc comes into view. It is wielding a +0 club.
Something hits you.
* * * LOW HITPOINT WARNING * * *
The orc closely misses you. x2
The orc hits you with a +0 hand axe.
You die...

# #####...# #.......# #....
#...# #.......## #.##. #...#
####.....###.##. #...#
####.......... #...#
#......###.### #...#
#.####.###....
#######..>########.# #.##.....
.................#.####.##.....
...........)o.@.).(.)....).....
..........)o.o.o.#####..##.....
#.#####...######.##.....##.....
###...### #.##.##.########
#.......# #.##.##.# #.#...#.#
#<......# #.#...#.#######.####
#.#.....##.......#
###.#.........###..###.#


You could see an orc priest and 3 orcs.

Vanquished Creatures
  An orc priest (D:3)
  7 gnolls
  4 adders
  3 worms (D:2)
  2 dart slugs
  A leopard gecko (D:3)
  4 orcs (D:3)
  3 giant cockroaches
  6 goblins
  11 hobgoblins
  5 jackals
  5 kobolds
  A bat (D:1)
  A frilled lizard (D:2)
  7 rats
61 creatures vanquished.

Notes
Turn   | Place    | Note
-------+----------+-------------------------------------------
     0 | D:1      | BeastOfSaturn the Demonspawn Assassin began the quest for
                  | the Orb.
     0 | D:1      | Reached XP level 1. HP: 16/16 MP: 1/1
   388 | D:1      | Reached skill level 1 in Dodging
   421 | D:1      | Reached skill level 4 in Stealth
   421 | D:1      | Gained mutation: You are immune to rotting. [demonic
                  | ancestry]
   421 | D:1      | Reached XP level 2. HP: 13/22 MP: 2/2
  1083 | D:1      | Reached XP level 3. HP: 27/27 MP: 3/3
  1872 | D:2      | Reached XP level 4. HP: 33/33 MP: 4/4
  2918 | D:3      | Reached skill level 5 in Stealth
  2925 | D:3      | Reached XP level 5. HP: 24/38 MP: 5/5
  4035 | D:3      | Slain by an orc

Levels and vault maps discovered:
D:1:      beargit_arrival_greenhouse, layout_basic
D:2:      layout_basic
D:3:      layout_loops_cross, guppyfry_early_lair_pool

Skill      XL: |  1  2  3  4  5 |
---------------+----------------+-----
Dodging        | 1 2 |  2.0
Stealth        | 4 5 |  5.2
Short Blades   | 2 |  2.5
Throwing       | 2 |  2.6
Fighting       | |  2.3

Action                   |  1- 3 |  4- 6 || total
-------------------------+-------+-------++-------
Melee: Dagger            |   101 |   122 ||   223
Throw: Dart              |    45 |    22 ||    67
 Stab: Sleeping          |     5 |     3 ||     8
  Eat: Ration            |     1 |     2 ||     3
       Chunk             |       |     2 ||     2
Armor: Robe              |    13 |    20 ||    33
Dodge: Dodged            |    53 |    84 ||   137

Table legend:
 A = Non-vault XP
 B = Vault XP
 C = Vault XP percentage of total XP
 D = Non-vault monster count
 E = Vault monster count
 F = Vault count percentage of total count
                 A         B        C        D         E       F
            +---------+---------+-------+---------+---------+-------
      Total |     294 |       0 |   0.0 |      61 |       0 |   0.0
            +---------+---------+-------+---------+---------+-------
        D:1 |      53 |       0 |   0.0 |      23 |       0 |   0.0
        D:2 |     132 |       0 |   0.0 |      22 |       0 |   0.0
        D:3 |     109 |       0 |   0.0 |      16 |       0 |   0.0
            +---------+---------+-------+---------+---------+-------
